 Dungeon Crawl Stone Soup version 0.13.1-17-g0f9d4ff (webtiles) character file.

498 Psiweapon the Covered (level 6, 0/39 HPs)
             Began as a Gargoyle Fighter on Dec 17, 2013.
             Was an Initiate of Ashenzari.
             Killed by divine providence
             ... invoked by an orc priest
              (15 damage)
             ... on Level 3 of the Dungeon.
             The game lasted 00:18:24 (2850 turns).

Psiweapon the Covered (Gargoyle Fighter)            Turns: 2850, Time: 00:18:26

HP   0/39        AC 20     Str 22      XL: 6   Next: 74%
MP   5/5         EV  7     Int  8      God: Ashenzari [......]
Gold 119         SH 19     Dex  9      Spells:  0 memorised,  5 levels left

Res.Fire  : . . .   See Invis. : .   a - +0 mace
Res.Cold  : + . .   Warding    : .   b - +0 scale mail
Life Prot.: + . .   Conserve   : .   c - +0 shield
Res.Poison: +       Res.Corr.  : .   n - +0 wizard hat
Res.Elec. : +       Clarity    : +   A - +0 cloak
Sust.Abil.: . .     Spirit.Shd : .   q - +0 pair of gauntlets
Res.Mut.  : .       Stasis     : .   i - +1 pair of dwarf boots
Res.Rott. : +       Flight     : .   s - amulet of clarity
Saprovore : . . .                    x - ring of protection from cold
                                     p - +4 ring of protection

@: slightly resistant to hostile enchantments, extremely unstealthy
A: fangs 1, talons 2, life protection 1, screaming 1, electricity resistance,
slow metabolism 1, wild magic 1, unbreathing, petrification resistance, AC +4
a: Renounce Religion


You were on level 3 of the Dungeon.
You worshipped Ashenzari.
Ashenzari was noncommittal.
You were not hungry.

You visited 1 branch of the dungeon, and saw 4 of its levels.

You collected 99 gold pieces.

Inventory:

Hand weapons
 a - a +0,+0 mace (weapon)
 y - a +0,+3 dwarven hand axe
 z - a +3,+2 quarterstaff of chaos
Missiles
 f - 18 sling bullets
 g - 2 throwing nets
 m - 30 darts (quivered)
 o - 6 sling bullets of flame
Armour
 b - a +0 scale mail (worn)
 c - a +0 shield (worn)
 i - a +1 pair of dwarven boots (worn)
 n - a +0 wizard hat (worn)
 q - a +0 pair of gauntlets (worn)
 A - a +0 cloak (worn)
Magical devices
 w - a wand of random effects (1)
 G - a wand of slowing (0)
Comestibles
 d - 2 bread rations
 l - a chunk of bat flesh
 C - an apple
 D - a chunk of giant gecko flesh
 J - 5 strawberries
 K - a chunk of adder flesh
Scrolls
 j - a scroll of identify
 k - a scroll of remove curse
 t - a scroll of curse weapon
 u - a scroll of amnesia {unknown}
 v - a scroll of recharging {unknown}
 B - a scroll of teleportation {unknown}
 E - a scroll of noise {unknown}
 I - a scroll of enchant weapon I {unknown}
Jewellery
 p - a +4 ring of protection (left hand)
 r - an uncursed ring of protection from cold
 s - an amulet of clarity (around neck)
 x - a ring of protection from cold (right hand)
Potions
 e - a potion of mutation
 h - 2 potions of confusion {unknown}
 F - a potion of curing {unknown}
 H - a potion of berserk rage {unknown}


   Skills:
 + Level 4.8 Fighting
 + Level 4.4 Maces & Flails
 + Level 4.8 Armour
 + Level 4.8 Shields


You had 5 spell levels left.
You didn't know any spells.

Dungeon Overview and Level Annotations

Branches:
Dungeon (4/27)
 Temple: D:4-7

Altars:
Ashenzari
Cheibriados
Trog
Xom


Innate Abilities, Weirdness & Mutations

You are resistant to torment.
You are immune to poison.
Your stone body is very resilient (AC +4).
You have very sharp teeth.
You have razor-sharp toenails.
You resist negative energy.
You are resistant to electric shocks.
You have a slow metabolism.
You can survive without breathing.
You are immune to petrification.
You occasionally shout uncontrollably.
Your spells are a little harder to cast, but a little more powerful.


Message History

Unknown command.
You hit the orc priest.
The orc priest is severely wounded.
The orc hits you from afar with an orcish trident.
The orc hits you but does no damage. You block the orc's attack.
The orc hits you but does no damage. You block the orc priest's attack.
Unknown command.
Drink which item? (? for menu, Esc to quit)
You feel extremely strange.
You feel the urge to shout.
You feel less in control of your magic.
It was a potion of mutation.
The orc hits you but does no damage. The orc hits you but does no damage.
The orc closely misses you. You block the orc's attack.
You block the orc priest's attack.
You barely miss the orc priest.
The orc priest is severely wounded.
The orc hits you but does no damage. You block the orc's attack.
The orc barely misses you. You block the orc's attack.
The orc priest invokes the aid of Beogh against you.
Something smites you!
You die...

#..# #...# #..# #...#
########## ##..#####...########
..............................#
..............................#
..................)...........#
..............................#
...........).....oo...........#
................@o............#
................oo.....<...%..#
..............................#
..............................#
....................>.........#
.#####........................#
.# #......<...........#######
.# #..................# .#
#..................#


You could see an orc priest and 4 orcs.

Vanquished Creatures
  Sigmund (D:3)
  3 crimson imps
  A hound (D:3)
  Crazy Yiuf (D:2)
  2 gnolls
  5 adders
  2 giant geckos
  5 orcs (D:3)
  6 bats
  5 giant cockroaches
  9 hobgoblins
  4 jackals (D:3)
  9 kobolds
  3 quokkas
  2 ball pythons (D:1)
  8 giant newts
  6 goblins
  9 rats
81 creatures vanquished.

Notes
Turn   | Place    | Note
--------------------------------------------------------------
     0 | D:1      | Psiweapon, the Gargoyle Fighter, began the quest for the Orb.
     0 | D:1      | Reached XP level 1. HP: 14/14 MP: 0/0
   169 | D:1      | Reached XP level 2. HP: 10/19 MP: 1/1
   637 | D:1      | Reached XP level 3. HP: 20/24 MP: 2/2
  1140 | D:2      | Found a shattered altar of Ashenzari.
  1172 | D:2      | Became a worshipper of Ashenzari the Shackled
  1313 | D:2      | Reached skill level 4 in Fighting
  1313 | D:2      | Reached XP level 4. HP: 27/29 MP: 3/3
  1391 | D:2      | Found a bloodstained altar of Trog.
  1482 | D:2      | Noticed Crazy Yiuf
  1487 | D:2      | Killed Crazy Yiuf
  1941 | D:3      | Reached XP level 5. HP: 33/33 MP: 4/4
  2025 | D:3      | Found a shimmering altar of Xom.
  2458 | D:3      | Reached XP level 6. HP: 31/39 MP: 5/5
  2554 | D:3      | Found a snail-covered altar of Cheibriados.
  2747 | D:3      | Noticed Sigmund
  2764 | D:3      | Killed Sigmund
  2849 | D:3      | Gained mutation: You occasionally shout uncontrollably. [potion of mutation]
  2849 | D:3      | Gained mutation: Your spells are a little harder to cast, but a little more powerful. [potion of mutation]
  2850 | D:3      | Killed from afar by an orc priest

Action                   |  1- 3 |  4- 6 || total
-------------------------+-------+-------++-------
Melee: Mace              |   129 |   312 ||   441
Throw: Dart              |    28 |     3 ||    31
Evoke: Wand              |       |     6 ||     6
  Use: Scroll            |       |     1 ||     1
       Potion            |       |     1 ||     1
